 Dungeon Crawl Stone Soup version 0.31.0-12-g77e489cdc1 (webtiles) character file.

Game seed: 14043565283903239111

421 Arctor the Magician (level 6, -4/32 HPs)
             Began as a Deep Elf Fire Elementalist on Feb 12, 2024.
             Killed themself with a badly aimed concussive blast (9 damage)
             ... on level 5 of the Dungeon.
             The game lasted 00:03:46 (5885 turns).

Arctor the Magician (Deep Elf Fire Elementalist)    Turns: 5885, Time: 00:03:47

Health: -4/32      AC:  3    Str:  5    XL:     6   Next: 62%
Magic:  6/15       EV: 13    Int: 22    God:
Gold:   184        SH:  0    Dex: 15    Spells: 8/14 levels left

rFire   . . .        c - +2 short sword (distort)
rCold   . . .        (no shield)
rNeg    . . .        a - +0 robe
rPois   .            (no helmet)
rElec   .            (no cloak)
rCorr   .            o - +0 pair of gloves
SInv    +            (no boots)
Will    .....        (no amulet)
Stlth   +++          k - ring of see invisible
HPRegen 0.25/turn    (no ring)
MPRegen 0.14/turn

%: no passive effects
@: no status effects
A: no striking features
a: no special abilities


You were on level 5 of the Dungeon.
You visited 1 branch of the dungeon, and saw 5 of its levels.

You collected 184 gold pieces.

Inventory:

Hand Weapons
 c - a +2 short sword of distortion (weapon)
 e - a +1 dagger of venom
Missiles
 s - a throwing net
Armour
 a - a +0 robe (worn)
 o - a +0 pair of gloves (worn)
Jewellery
 k - a ring of see invisible (left hand)
Scrolls
 g - 2 scrolls of fog
 h - 2 scrolls of teleportation
 m - a scroll of amnesia {unknown}
 q - a scroll of noise {unknown}
 r - a scroll of brand weapon {unknown}
 t - a scroll of immolation {unknown}
 u - a scroll of vulnerability {unknown}
 v - a scroll of summoning {unknown}
Potions
 b - 3 potions of magic
 d - a potion of heal wounds {unknown}
 f - a potion of lignification {unknown}
 i - a potion of mutation {unknown}
 j - a potion of attraction {unknown}
 l - 2 potions of curing {unknown}
 n - a potion of berserk rage {unknown}
 p - 2 potions of enlightenment {unknown}
 w - 2 potions of invisibility {unknown}


   Skills:
 + Level 4.3 Dodging
 + Level 4.6 Stealth
 + Level 4.9 Spellcasting
 + Level 3.4 Conjurations
 + Level 4.7 Fire Magic


You had 8 spell levels left.
You knew the following spells:

 Your Spells              Type           Power      Damage    Failure   Level
a - Foxfire               Conj/Fire      92%        2x1d8     1%          1
b - Scorch                Fire           52%        2d7       2%          2
c - Volatile Blastmotes   Fire/Tloc      30%        2d12      12%         3

Your spell library contained the following spells:

 Spells                   Type           Power      Damage    Failure   Level
 Summon Small Mammal      Summ           20%        N/A       11%         1
 Inner Flame              Hex/Fire       15%        N/A       12%         3
 Ensorcelled Hibernation  Hex/Ice        10%        N/A       16%         2
 Flame Wave               Conj/Fire      23%        2d8       19%         4
 Call Canine Familiar     Summ           5%         N/A       30%         3
 Fugue of the Fallen      Necr           5%         N/A       30%         3
 Summon Blazeheart Golem  Fire/Summ      15%        N/A       36%         4
 Anguish                  Hex/Necr       2%         N/A       71%         4


Dungeon Overview and Level Annotations

Branches:
Dungeon (5/15)
 Temple: D:4-7

Altars:
Makhleb


Message History

You conjure some foxfire!
An ice beast comes into view.
The foxfire hits the iguana but does no damage.
The iguana is moderately wounded.
The foxfire hits the iguana.
The iguana is heavily wounded.
You conjure some foxfire!
The iguana bites you but does no damage.
The foxfire hits the iguana but does no damage.
The iguana is heavily wounded.
An adder comes into view.
The iguana bites you!
There is not enough space to conjure foxfire!
The orc hits you with a +0 dagger.
An orc comes into view. It is wielding a +0 whip.
The iguana bites you.
Casting: Foxfire (safe; 1% risk of failure)
Confirm with . or Enter, or press ? or * to list all spells.
Flames lash the jelly.
The jelly is severely wounded.
The jelly's fire resistance burns away.
The orc hits you with a +0 dagger. The iguana closely misses you.
Unknown command.
Your foxfire dissipates!
Casting: Scorch (safe; 2% risk of failure)
Confirm with . or Enter, or press ? or * to list all spells.
Flames lash the jelly.
The jelly is burned terribly!
You kill the jelly!
An orc wizard comes into view.
It is wielding a +1 dagger of protection.
The iguana barely misses you.
Casting: Scorch (safe; 2% risk of failure)
Confirm with . or Enter, or press ? or * to list all spells.
A cloud of volatile blastmotes flares up around you!
Run!
The iguana bites you!
* * * LOW HITPOINT WARNING * * *
The cloud of blastmotes explodes!
The concussive blast engulfs the iguana!!
You kill the iguana!
The concussive blast engulfs you!
You die...

....... ########
.o... # ...o #.o##
#oY# .# #o# .# #.#
##.# #†# #.. #@#
#.# ### #.##
##.########..
#..###..##.......#
##..##.....#######
##.....####
###.#.# ###..#.#
#....#.# #...##..


You could see an ice beast, an orc wizard and 3 orcs.

Vanquished Creatures
  2 scorpions
  A bombardier beetle (D:4)
  2 jellies
  A hound (D:4)
  Terence (D:3)
  An iguana (D:5)
  A gnoll (D:1)
  6 adders
  2 dart slugs
  3 ribbon worms
  2 orcs
  6 endoplasms
  4 giant cockroaches
  13 goblins
  3 hobgoblins
  4 quokkas (D:1)
  9 ball pythons
  7 bats
  3 frilled lizards
  6 kobolds
  9 rats
86 creatures vanquished.

Vanquished Creatures (collateral kills)
  13 foxfires (D:1)
13 creatures vanquished.

Vanquished Creatures (others)
  510 foxfires
510 creatures vanquished.

Grand Total: 609 creatures vanquished

Notes
Turn   | Place    | Note
-------+----------+-------------------------------------------
     0 | D:1      | Arctor the Deep Elf Fire Elementalist began the quest for
                  | the Orb.
     0 | D:1      | Reached XP level 1. HP: 10/10 MP: 6/6
   265 | D:1      | Reached XP level 2. HP: 15/15 MP: 5/8
   465 | D:1      | Learned a level 2 spell: Scorch
   684 | D:1      | Reached XP level 3. HP: 19/19 MP: 1/9
  1844 | D:2      | Reached XP level 4. HP: 24/24 MP: 7/11
  2717 | D:2      | Learned a level 3 spell: Volatile Blastmotes
  2960 | D:3      | Noticed a scorpion
  2965 | D:3      | Killed a scorpion
  2966 | D:3      | Reached XP level 5. HP: 28/28 MP: 6/13
  3047 | D:3      | Noticed Terence
  3055 | D:3      | Killed Terence
  3664 | D:3      | Found a burning altar of Makhleb.
  4278 | D:4      | Reached XP level 6. HP: 32/32 MP: 10/14
  5640 | D:5      | Entered Level 5 of the Dungeon
  5875 | D:5      | Noticed an ice beast
  5885 | D:5      | Killed themself with a badly aimed concussive blast

Illustrated notes

Levels and vault maps discovered:
D:1:      sevenhm_arrival_forest_fort_small_4, layout_rooms,
          nicolae_grassy_gnolls
D:2:      layout_basic, minmay_fractal_squares_gapless_5
D:3:      layout_basic, bloody_makhleb, minmay_door_square, uniq_terence
D:4:      layout_basic
D:5:      layout_rooms, uniq_menkaure

Skill      XL: |  1  2  3  4  5 |
---------------+----------------+-----
Stealth        | 3 4 |  4.6
Dodging        | 3 4 |  4.3
Conjurations   | 2 3 |  3.4
Fire Magic     | 4 |  4.7
Spellcasting   | 4 |  4.9

Action                     |  1- 3 |  4- 6 || total
---------------------------+-------+-------++-------
  Melee: Short sword       |    17 |    10 ||    27
   Cast: Foxfire           |   126 |   190 ||   316
         Scorch            |       |    10 ||    10
         Volatile Blastmot |       |     1 ||     1
    Use: Scroll            |       |     3 ||     3
   Stab: Sleeping          |     1 |     1 ||     2
 Armour: Robe              |    19 |    21 ||    40
  Dodge: Dodged            |    12 |    15 ||    27
